 Dungeon Crawl Stone Soup version 0.29.1-1-gd02db6906a (webtiles) character file.

Game seed: 14703499965629445542

58 Sanktem7 the Trooper (level 3, -2/35 HPs)
             Began as a Minotaur Fighter on Oct 3, 2022.
             Slain by Sigmund
             ... wielding a +0 scythe
              (4 damage)
             ... on level 2 of the Dungeon.
             The game lasted 00:01:59 (1104 turns).

Sanktem7 the Trooper (Minotaur Fighter)             Turns: 1104, Time: 00:01:59

Health: -2/35      AC:  6    Str: 22    XL:     3   Next: 75%
Magic:  2/2        EV:  9    Int:  5    God:
Gold:   23         SH:  4    Dex:  9    Spells: 2/2 levels left

rFire   . . .      SeeInvis .   a - +0 war axe {axe}
rCold   . . .      Faith    .   c - +0 buckler
rNeg    + . .      Spirit   .   b - +0 scale mail
rPois   .          Reflect  .   (helmet restricted)
rElec   .          Harm     .   (no cloak)
rCorr   .          Rampage  .   (no gloves)
Will    .....                   (no boots)
Stlth   ..........              (no amulet)
HPRegen 0.11/turn               j - ring of positive energy
MPRegen 0.08/turn               (no ring)

@: no status effects
A: horns 2, retaliatory headbutt
a: no special abilities


You were on level 2 of the Dungeon.
You visited 1 branch of the dungeon, and saw 2 of its levels.

You collected 23 gold pieces.


Innate Abilities, Weirdness & Mutations

You have a pair of horns on your head.
You reflexively headbutt those who attack you in melee.


   Skills:
 * Level 4.8 Fighting
 * Level 3.9 Axes
 - Level 3.6 Armour
 - Level 3.6 Shields


You had 2 spell levels left.
You didn't know any spells.
Your spell library contained the following spells:

 Spells                   Type           Power      Damage    Failure   Level
 Scorch                   Fire           0%         2d5       95%         2
 Airstrike                Air            0%         2d(0-16)  100%        4
 Flame Wave               Conj/Fire      0%         2d4       100%        4
 Summon Lightning Spire   Summ/Air       0%         N/A       100%        4
 Lightning Bolt           Conj/Air       0%         1d11      100%        5
 Summon Cactus Giant      Summ           0%         N/A       100%        6

Inventory:

Hand Weapons
 a - a +0 war axe (weapon) {axe}
Missiles
 g - 24 stones (quivered) {throwing}
Armour
 b - a +0 scale mail (worn)
 c - a +0 buckler (worn)
Jewellery
 j - a ring of positive energy (left hand)
   (You found it on level 1 of the Dungeon)
Scrolls
 e - 2 scrolls of silence {unknown}
 f - a scroll of noise {unknown}
 l - a scroll of butterflies {unknown}
 m - a scroll of amnesia {unknown}
Potions
 d - a potion of might
 h - a potion of heal wounds {unknown}
 i - a potion of lignification {unknown}
 k - a potion of attraction {unknown}

Dungeon Overview and Level Annotations

Branches:
Dungeon (2/15) Zot: 10870

Altars:

Shops:
D:1 [   D:2 =

Annotations:
D:2 Sigmund

#..# #.$# #..#
#.@# #..# #.S#
#######..#
.........#######
######..{@....#
#.######.# #.# #
#.# #########.#
........>.#
########..# #..#
#..######.


There were no monsters in sight!


Message History

No target in view!
No target in view!
No target in view!
No target in view!
No target in view!
No target in view!
No target in view!
No target in view!
No target in view!
No target in view!
No target in view!
No target in view!
You see here a bat corpse.
Found a stone staircase leading down.
g - 24 stones {throwing} (gained 3)
An endoplasm comes into view.
Found an escape hatch in the ceiling.
You slash the endoplasm!
You kill the endoplasm!
No target in view!
No target in view!
No target in view!
No target in view!
No target in view!
No target in view!
No target in view!
No target in view!
No target in view!
No target in view!
No target in view!
No target in view!
No target in view!
No target in view!
No target in view!
No target in view!
No target in view!
No target in view!
No target in view!
No target in view!
No target in view!
No target in view!
No target in view!
Found Kennigawe's Jewellery Shop.
There is an entrance to Kennigawe's Jewellery Shop here.
Found a stone staircase leading up and a stone staircase leading down.
There is a stone staircase leading down here.
There is a stone staircase leading down here.
Sigmund and an adder come into view.
The adder hisses angrily.
The adder bites you but does no damage.
You barely miss the adder. Your headbutt misses the adder.
The adder barely misses you. The adder bites you but does no damage.
You miss the adder. You headbutt the adder!
The adder bites you but does no damage. Sigmund closely misses you.
The adder bites you but does no damage.
You hit the adder but do no damage. The adder bites you but does no damage.
You block Sigmund's attack.
You slash the adder!
You kill the adder!
Sigmund hits you from afar with a +0 scythe.
You now have 35 max hp (+1).
Sigmund hits you but does no damage.
You see here an adder corpse.
You hit Sigmund but do no damage.
Sigmund mumbles some strange words.
Sigmund flickers and vanishes!
Deactivating autopickup; reactivate with Ctrl-A.
You barely miss something. Your headbutt misses something.
Something hits you. 😕 HP[-4]
You take 4 damage, and now have 30/35 hp.
You barely miss something. Something hits you. 😕 HP[-3]
You take 3 damage, and now have 27/35 hp.
You closely miss something. You headbutt something!
Something hits you but does no damage.
You hit something. You miss something. Something hits you! 😮 HP[-8]
You take 8 damage, and now have 19/35 hp.
MASSIVE DAMAGE!! (PAUSE)
You hit something but do no damage. You block something's attack.
You closely miss something. Something hits you!
* * * LOW HITPOINT WARNING * * *
😨 HP[-10]
You take 10 damage, and now have 9/35 hp.
MASSIVE DAMAGE!! (PAUSE)
You miss something. Something hits you.
* * * LOW HITPOINT WARNING * * *
You miss something. Something hits you.
* * * LOW HITPOINT WARNING * * *
😱 HP[-2]
You take 2 damage, and now have 7/35 hp.
You hit something. Your headbutt misses something.
Something hits you but does no damage.
You closely miss something. Something hits you.
* * * LOW HITPOINT WARNING * * *
😱 HP[-5]
You take 5 damage, and now have 2/35 hp.
You barely miss something. Something hits you.
You die...

Skill      XL: |  1  2 |
---------------+-------+-----
Fighting       | 4 |  4.8
Axes           | 3 |  3.9
Armour         | |  3.6
Shields        | |  3.6

Action                   || total
-------------------------++-------
Melee: War axe           ||    69
       Headbutt          ||     9
Armor: Scale mail        ||    35
Dodge: Dodged            ||    24
Block: Buckler           ||    14

Levels and vault maps discovered:
D:1:      onia_arrival_mini_maze, layout_rooms, serial_shops, shop
D:2:      layout_loops_ring, serial_shops, nicolae_shop_trees,
          grunt_decor_mini_mirrors, uniq_sigmund, uniq_terence

Notes
Turn   | Place    | Note
-------+----------+-------------------------------------------
     0 | D:1      | Sanktem7 the Minotaur Fighter began the quest for the Orb.
     0 | D:1      | Reached XP level 1. HP: 19/19 MP: 0/0
     0 | D:1      | magus.rc [v1.9.6]
   101 | D:1      | You pick up a book of Storms and begin reading...
   101 | D:1      | You add the spells Airstrike, Summon Lightning Spire and
                  | Lightning Bolt to your library.
   144 | D:1      | Reached skill level 4 in Fighting
   144 | D:1      | Reached XP level 2. HP: 21/27 MP: 1/1
   248 | D:1      | Reached skill level 3 in Axes
   334 | D:1      | You pick up a book of Scorching and begin reading...
   334 | D:1      | You add the spells Scorch, Flame Wave and Summon Cactus
                  | Giant to your library.
   389 | D:1      | Found Natsyesk's Antique Armour Boutique.
   726 | D:2      | Reached XP level 3. HP: 34/34 MP: 2/2
  1020 | D:2      | Found Kennigawe's Jewellery Shop.
  1078 | D:2      | Noticed Sigmund
  1101 | D:2      | HP: 7/35 [something (2)]
  1103 | D:2      | HP: 2/35 [something (5)]
  1104 | D:2      | Slain by Sigmund

Vanquished Creatures
  2 adders (D:2)
  A worm (D:2)
  A dart slug (D:1)
  5 ball pythons
  4 endoplasms
  3 giant cockroaches
  4 goblins
  2 hobgoblins (D:2)
  A quokka (D:1)
  4 bats (D:2)
  3 kobolds
  4 rats
34 creatures vanquished.

Table legend:
 A = Non-vault XP
 B = Vault XP
 C = Vault XP percentage of total XP
 D = Non-vault monster count
 E = Vault monster count
 F = Vault count percentage of total count
                 A         B        C        D         E       F
            +---------+---------+-------+---------+---------+-------
      Total |      83 |       0 |   0.0 |      34 |       0 |   0.0
            +---------+---------+-------+---------+---------+-------
        D:1 |      28 |       0 |   0.0 |      16 |       0 |   0.0
        D:2 |      55 |       0 |   0.0 |      18 |       0 |   0.0
            +---------+---------+-------+---------+---------+-------

Illustrated notes

Table legend:
 A = Kills in this place as a percentage of kills in entire the game.
 B = Kills by you in this place as a percentage of kills by you in the entire game.
 C = Kills by friends in this place as a percentage of kills by friends in the entire game.
 D = Other kills in this place as a percentage of other kills in the entire game.
 E = Experience gained in this place as a percentage of experience gained in the entire game.
 F = Experience gained in this place divided by the number of levels of this place that you have seen.
                   A       B       C       D       E      F
               +-------+-------+-------+-------+-------+----------------------
         Total | 100.0 | 100.0 |   N/A |   N/A | 100.0 |  41.5
       Dungeon | 100.0 | 100.0 |   N/A |   N/A | 100.0 |  41.5
               +-------+-------+-------+-------+-------+----------------------

Table legend: (Time is in decaauts)
 A = Elapsed time spent in this place.
 B = Non-inter-level travel time spent in this place.
 C = Inter-level travel time spent in this place.
 D = Time resting spent in this place.
 E = Time spent auto-exploring this place.
 F = Levels seen in this place.
 G = Mean time per level.
                   A        B        C        D        E       F      G
               +--------+--------+--------+--------+--------+-----+--------+
         Total |   1128 |   1087 |     41 |      0 |    896 |   2 |  564.0 |
       Dungeon |   1128 |   1087 |     41 |      0 |    896 |   2 |  564.0 |
               +--------+--------+--------+--------+--------+-----+--------+

Top non-repeatable levels by time:
     D:1: 657 daAuts
     D:2: 470 daAuts
